AoeStats
← Maty

Arabia

506150343Analyzed
1v1 RM · 20d ago on Sep 12, 2026· 41m 22s· 2 players
Game mode
Random Map
Map size
Tiny (2 player)
Population
200
Speed
Normal
Resources
Standard
Victory
Conquest
Starting age
Dark Age
Ending age
Imperial Age
RankedLock teamsTeams togetherTeam positionsShared explorationLock speedFull tech treeHidden civsTurbo modeCheats
Victory
Defeat
🇪🇨 Chinese · Ecuador
1937
+12
🇫🇮 Byzantines · Finland
1859
-12
Maty
0:26 Loom
8:37 Feudal Age
9:16 Double-Bit Axe
13:20 Horse Collar
20:19 Castle Age
18:35 Fletching
19:06 Gold Mining
21:29 Bow Saw
22:00 Wheelbarrow
22:31 Heavy Plow
21:59 Light Cavalry
24:11 Husbandry
25:15 Hand Cart
26:47 Sanctity
26:49 Forging
29:19 Squires
29:23 Scale Mail Armor
29:59 Gold Shaft Mining
30:11 Town Watch
33:01 Imperial Age
31:02 Stone Mining
31:24 Masonry
32:26 Bodkin Arrow
34:14 Chain Mail Armor
35:05 Chemistry
34:47 Bracer
35:10 Ballistics
34:33 Elite Fire Lancer
35:45 Plate Mail Armor
35:16 Padded Archer Armor
36:22 Architecture
36:48 Iron Casting
36:47 Bloodlines
37:39 Conscription
37:31 Scale Barding Armor
37:42 Leather Archer Armor
37:45 Elite Chu Ko Nu
39:01 Chain Barding Armor
39:42 Blast Furnace
40:09 Two-Man Saw
39:42 Town Patrol
41:37 Rocketry
42:09 Plate Barding Armor
42:08 Ring Archer Armor
Sheep
7:02 Loom
9:17 Feudal Age
9:47 Double-Bit Axe
9:44 Horse Collar
15:18 Wheelbarrow
18:32 Castle Age
17:11 Gold Mining
21:47 Bow Saw
28:40 Hand Cart
31:40 Imperial Age
29:24 Husbandry
29:46 Heavy Plow
30:23 Forging
30:04 Fletching
30:41 Devotion
31:03 Sanctity
31:15 Stone Mining
32:01 Gold Shaft Mining
33:34 Two-Man Saw
32:31 Bodkin Arrow
32:42 Scale Barding Armor
33:36 Conscription
34:31 Chain Barding Armor
34:46 Iron Casting
35:48 Chemistry
35:16 Ballistics
36:09 Elite Cataphract
38:14 Plate Barding Armor
38:34 Logistica
39:54 Padded Archer Armor
40:10 Elite Skirmisher
41:33 Bracer
41:49 Leather Archer Armor
Connection lost

Rejoining the realm…

Still unreachable

The connection could not be restored.

Session expired

The server has moved on; the page needs a fresh start.